cohdb
Replays
Latest Replays
All Replays
Popular Replays
Top Player Replays
Match Explorer
How It Works
Community
CoH3 Stats
Reddit
Sign in to upload your games and track your stats! →
Sign in with Steam
Hulksmash Ruby vs Septimum Rad
Match 29064777
Overview
Messages
Build Orders
End
Kettenkrad Recon Vehicle
Construct Infanterie Kompanie
Selects Breakthrough Battlegroup
Selects Assault Grenadiers
Grenadier Squad
Grenadier Squad
Grenadier Squad
Infanterie Officer Quarters
Construct Panzergrenadier Kompanie
Grenadier Squad
Pak 40 Anti-tank Gun Team
Pak 40 Anti-tank Gun Team
Construct Panzer Kompanie
Stoßtruppen Squad
Selects Rapid Production
Selects Smoke Bombing Run
Selects Incendiary Bombing Run
Sturmpanzer IV Brummbär
Incendiary Bombing Run
Stoßtruppen Squad
Selects Blitzkrieg
Pak 40 Anti-tank Gun Team
Pioneer Squad
Incendiary Bombing Run
Selects Tiger Heavy Tank
Tiger Heavy Tank
Panzer IV Medium Tank
Incendiary Bombing Run
Septimum
∞ rad
Ruby
HulkSMASH
0
0
Comments
sign in to comment!
No comments posted yet!